 Dungeon Crawl Stone Soup version 0.21.0-3-g78d12a8 (webtiles) character file.

247 Inchmeat the Grave Robber (level 5, -1/42 HPs)
             Began as a Deep Dwarf Necromancer on Jan 16, 2018.
             Was an Initiate of Makhleb.
             Slain by an orc
             ... wielding a +0 trident
              (3 damage)
             ... on level 3 of the Dungeon.
             The game lasted 00:09:40 (5716 turns).

Inchmeat the Grave Robber (Deep Dwarf Necromancer)  Turns: 5716, Time: 00:09:41

Health: -1/42      AC:  4    Str: 10    XL:     5   Next: 85%
Magic:  2/6        EV: 12    Int: 16    God:    Makhleb [......]
Gold:   116        SH:  0    Dex: 13    Spells: 3/7 levels left

rFire    . . .     SeeInvis .   e - +0 short sword
rCold    . . .     Gourm    .   (no shield)
rNeg     + . .     Faith    .   p - +1 leather armour {rN+}
rPois    .         Spirit   .   (no helmet)
rElec    .         Reflect  .   (no cloak)
rCorr    .         Harm     .   (no gloves)
MR       .....                  (no boots)
Stlth    ++........             (no amulet)
HPRegen  0.00/turn              f - -2 ring of strength (curse)
MPRegen  0.10/turn              (no ring)

@: non-regenerating
A: damage resistance, heal wounds, sense surroundings 1, no regeneration
a: Heal Wounds, Renounce Religion


You were on level 3 of the Dungeon.
You worshipped Makhleb.
Makhleb was noncommittal.
You were not hungry.

You visited 2 branches of the dungeon, and saw 5 of its levels.

You collected 116 gold pieces.

Inventory:

Hand Weapons
 e - a +0 short sword (weapon)
Missiles
 i - 7 steel javelins (quivered)
 o - 2 tomahawks of dispersal
Armour
 a - a +0 robe
 p - a +1 leather armour of positive energy (worn)
Jewellery
 f - a cursed -2 ring of strength (left hand)
Scrolls
 d - 3 scrolls of identify {unknown}
 g - a scroll of enchant weapon
 h - a scroll of amnesia {unknown}
 j - 2 scrolls of remove curse {unknown}
 k - a scroll of fog {unknown}
 m - a scroll of teleportation
 n - 2 scrolls of noise {unknown}
Potions
 l - 3 potions of lignification {unknown}
 r - a potion of curing {unknown}
Books
 b - a book of Necromancy

   Spells                             Type                      Level
   a - Pain                           Necromancy                   1
   b - Animate Skeleton               Necromancy                   1
   c - Vampiric Draining              Necromancy                   3
   d - Regeneration                   Charms/Necromancy            3
   e - Animate Dead                   Necromancy                   4
   f - Borgnjor's Vile Clutch         Necromancy/Earth             5
Comestibles
 c - 2 rations


   Skills:
 - Level 3.1 Dodging
 - Level 3.5 Stealth
 - Level 1.7 Spellcasting
 * Level 7.2 Necromancy


You had 3 spell levels left.
You knew the following spells:

 Your Spells              Type           Power        Failure   Level  Hunger
a - Pain                  Necr           ###.         1%          1    ##.....
b - Vampiric Draining     Necr           ###.......   4%          3    ####...


Dungeon Overview and Level Annotations

Branches:
Dungeon (4/15)             Temple (1/1) D:4

Altars:
Fedhas
Makhleb


Innate Abilities, Weirdness & Mutations

You are resistant to damage.
You can heal yourself by infusing magical energy.
You passively map a small area around you.
You do not regenerate.


Message History

a flail; an orc corpse Ye barely miss tha orc.
Tha orc hits ye wit' a trident.
* * * LOW HITPOINT WARNIN'
* * * Ye completely miss tha orc.
Tha orc hits ye wit' a trident.
Ye closely miss tha orc.
Tha orc barely misses ye.
Ye barely miss tha orc.
Tha orc barely misses ye.
Ye hit tha orc.
Tha orc be lightly wounded.
Tha orc hits ye but does nay damage.
Ye hit tha orc.
Tha orc be almost dead.
Tha orc barely misses ye.
Ye barely miss tha orc.
Tha orc be almost dead.
Tha orc hits ye wit' a trident!
* * * LOW HITPOINT WARNIN'
* * * Ye barely miss tha orc.
Tha orc be almost dead.
Tha orc hits ye wit' a trident.
Ye die...

##..................#.# ,
,
####............[.#....#
......#...#.#.....##...#
........#.#.###.........
.......##........###....,
.......# ##..#...# *,...
.......# *#.....# ,
>(.....# ##...### ,
.......# #.[@o.# ......##
####.#....... ......#
#..)>##.#.... #####.###
##.#### ....#.
#.......###..# ..(
#.......#...## , .....
#.........### * ,..#.,
#.......### , ..#
######### , * ,


You could see an orc.

Vanquished Creatures
  An ogre (D:4)
  An orc priest (D:3)
  5 adders
  3 oozes
  3 worms (D:2)
  2 orcs (D:3)
  2 ball pythons
  3 giant cockroaches
  8 goblins
  4 hobgoblins (D:2)
  6 jackals
  5 quokkas
  10 bats
  6 frilled lizards
  4 kobolds
  10 rats
73 creatures vanquished.

Notes
Turn   | Place    | Note
-------+----------+-------------------------------------------
     0 | D:1      | Inchmeat the Deep Dwarf Necromancer began the quest for the Orb.
     0 | D:1      | Reached XP level 1. HP: 15/15 MP: 3/3
   509 | D:1      | Reached XP level 2. HP: 20/22 MP: 2/4
  1613 | D:1      | Reached skill level 5 in Necromancy
  1678 | D:1      | Reached XP level 3. HP: 3/28 MP: 1/5
  1923 | D:2      | Learned a level 3 spell: Vampiric Draining
  2442 | D:2      | Found a faded altar of an unknown god.
  2717 | D:2      | Reached XP level 4. HP: 33/36 MP: 2/5
  5278 | D:3      | Reached skill level 6 in Necromancy
  5493 | D:4      | Noticed an ogre
  5496 | D:4      | Found a staircase to the Ecumenical Temple.
  5502 | Temple   | Entered the Ecumenical Temple
  5528 | Temple   | Became a worshipper of Makhleb the Destroyer
  5696 | D:4      | Killed an ogre
  5696 | D:4      | Reached XP level 5. HP: 27/42 MP: 0/6
  5699 | D:3      | Reached skill level 7 in Necromancy
  5715 | D:3      | HP: 2/42 [orc/trident (6)]
  5716 | D:3      | Slain by an orc

Skill      XL: |  1  2  3  4  5 |
---------------+----------------+-----
Stealth        | 3 |  3.5
Necromancy     | 5 6 7 |  7.2
Dodging        | 3 |  3.1
Spellcasting   | |  1.7

Action                   |  1- 3 |  4- 6 || total
-------------------------+-------+-------++-------
Melee: Unarmed           |     5 |       ||     5
       Short sword       |    18 |   109 ||   127
 Cast: Pain              |    52 |    25 ||    77
       Vampiric Draining |     4 |    23 ||    27
 Abil: Heal Wounds       |     1 |       ||     1
  Use: Scroll            |     2 |       ||     2
 Stab: Sleeping          |       |     3 ||     3
  Eat: Chunk             |     4 |     9 ||    13
       Ration            |     1 |     1 ||     2
Armor: Robe              |    14 |     5 ||    19
       Leather armour    |       |    18 ||    18
Dodge: Dodged            |    62 |    88 ||   150
